 Dungeon Crawl Stone Soup version 0.28.0-43-g3370ac3207 (webtiles) character file.

Game seed: 10533456321394719884

100 protoss039 the Grave Robber (level 4, -4/24 HPs)
             Began as a Deep Elf Necromancer on Mar 4, 2022.
             Slain by a gnoll
             ... wielding a +0 flail
              (7 damage)
             ... on level 2 of the Dungeon.
             The game lasted 00:04:15 (1540 turns).

protoss039 the Grave Robber (Deep Elf Necromancer)  Turns: 1540, Time: 00:04:15

Health: -4/24      AC:  3    Str:  5    XL:     4   Next: 46%
Magic:  10/12      EV: 12    Int: 22    God:
Gold:   76         SH:  0    Dex: 15    Spells: 10/12 levels left

rFire   . . .      SeeInvis +   i - +3 rapier
rCold   . . .      Faith    .   (no shield)
rNeg    . . .      Spirit   .   a - +0 robe
rPois   .          Reflect  .   (no helmet)
rElec   .          Harm     .   (no cloak)
rCorr   .          Rampage  .   c - +0 pair of gloves
Will    .....                   (no boots)
Stlth   ++........              g - amulet of regeneration
HPRegen 0.88/turn               o - ring of see invisible
MPRegen 0.13/turn               (no ring)

@: no status effects
A: no striking features
a: no special abilities


You were on level 2 of the Dungeon.
You visited 1 branch of the dungeon, and saw 2 of its levels.

You collected 76 gold pieces.

Inventory:

Hand Weapons
 i - a +3 rapier (weapon)
Armour
 a - a +0 robe (worn)
 c - a +0 pair of gloves (worn)
Jewellery
 d - a ring of resist corrosion
 g - an amulet of regeneration (around neck)
 k - a ring of protection from cold
 o - a ring of see invisible (left hand)
Scrolls
 b - 5 scrolls of identify {unknown}
 f - a scroll of magic mapping {unknown}
 h - a scroll of teleportation {unknown}
 m - a scroll of enchant armour {unknown}
Potions
 e - a potion of ambrosia {unknown}
 j - 2 potions of magic {unknown}
 l - a potion of mutation {unknown}
 n - a potion of haste {unknown}
 p - a potion of brilliance {unknown}


   Skills:
 - Level 2.4 Dodging
 - Level 2.4 Stealth
 + Level 4.5 Spellcasting
 + Level 6.4 Necromancy


You had 10 spell levels left.
You knew the following spells:

 Your Spells              Type           Power      Damage    Failure   Level
a - Pain                  Necr           100%       1d9       1%          1
b - Animate Skeleton      Necr           66%        N/A       1%          1

Your spell library contained the following spells:

 Spells                   Type           Power      Damage    Failure   Level
 Vampiric Draining        Necr           33%        2d8       2%          3
 Animate Dead             Necr           16%        N/A       8%          4
 Agony                    Necr           33%        N/A       21%         5


Dungeon Overview and Level Annotations

Branches:
Dungeon (2/15)

Altars:

Shops:
D:2 *


Message History

Unknown command.
b - 5 scrolls labelled PESIK HAREXI (gained 1)
p - a metallic silvery potion
Found 10 stones.
You see here 10 stones.
Found a mace.
Okay, then.
Found a club.
You now have 76 gold pieces (gained 9).
You open the door.
A gnoll comes into view. It is wielding a +0 flail.
Found a scroll labelled FIS MACWUL.
A gnoll is nearby!
A gnoll is nearby!
A gnoll is nearby!
A gnoll is nearby!
There is an open door here.
The gnoll shouts!
The gnoll barely misses you.
You see here a scroll labelled FIS MACWUL.
You barely miss the gnoll. The gnoll closely misses you.
You hit the gnoll.
The gnoll is moderately wounded.
The gnoll hits you with a +0 flail!
Unknown command.
Casting: Pain (safe; 1% risk of failure)
Confirm with . or Enter, or press ? or * to list all spells.
Aiming: Pain (safe; 1% risk of failure)
Press: ? - help, Shift-Dir - straight line, f - gnoll
Aim: a gnoll, wielding a +0 flail (moderately wounded, chance to affect: 88%)
The gnoll writhes in agony.
The gnoll hits you with a +0 flail!
Ouch! That really hurt!
* * * LOW HITPOINT WARNING * * *
Casting: Pain (safe; 1% risk of failure)
Confirm with . or Enter, or press ? or * to list all spells.
Aiming: Pain (safe; 1% risk of failure)
Press: ? - help, Shift-Dir - straight line, f/p - gnoll
Aim: a gnoll, wielding a +0 flail (heavily wounded, chance to affect: 88%)
The gnoll writhes in agony.
The gnoll hits you with a +0 flail!
You die...

.♣♣.♣.......###...............♣..
♣.♣...###...+ #.......P......#.♣.
P.....# +...###.....#+##P...#....
♣.....###.........P.# #.........
..............P).⌠..# #..P.#....
...♣................##+#P...#.PP♣
♣P♣.♣.....#....................♣.
.♣P♣♣.♣....#...####.......P...♣P.
♣.♣♣ ♣.♣.P..#..'@g#..........♣♣♣.
♣§ P........####.....♣.♣.♣.♣ ♣ .♣
..P♣..........♣P♣.♣.♣P♣§♣♣ (♣♣.
.. ♣......P(.♣.♣.♣.♣.♣§♣§♣ ♣♣.♣ .
.P♣♣♣P...♣♣♣♣.♣♣♣P♣.♣.♣§ ♣..P ...
♣♣.P♣.♣♣.♣♣.♣♣P♣†♣§♣ ..P♣P .8
♣.♣.♣♣§♣.♣.♣.♣.♣.♣. .♣P..
♣P♣♣§§P♣♣..♣.♣♣♣.♣.♣ .... .P.
♣♣§♣§.♣..P.♣♣♣P♣.


You could see a gnoll.

Vanquished Creatures
  An iguana (D:2)
  Natasha (D:2)
  An adder (D:2)
  A dart slug (D:1)
  An orc (D:2)
  2 endoplasms
  A giant cockroach (D:2)
  3 goblins (D:1)
  2 hobgoblins (D:1)
  4 jackals (D:1)
  A kobold (D:1)
  4 quokkas
  A ball python (D:2)
  6 bats
  3 frilled lizards
  2 rats (D:1)
34 creatures vanquished.

Vanquished Creatures (others)
  11 plants (D:2)
11 creatures vanquished.

Grand Total: 45 creatures vanquished

Notes
Turn   | Place    | Note
-------+----------+-------------------------------------------
     0 | D:1      | protoss039 the Deep Elf Necromancer began the quest for the
                  | Orb.
     0 | D:1      | Reached XP level 1. HP: 10/10 MP: 6/6
    60 | D:1      | Reached skill level 5 in Necromancy
   365 | D:1      | Reached XP level 2. HP: 14/15 MP: 4/8
   687 | D:1      | Found a faded altar of an unknown god.
  1021 | D:1      | Learned a level 1 spell: Animate Skeleton
  1084 | D:2      | Reached XP level 3. HP: 19/19 MP: 9/9
  1087 | D:2      | Found Ginuemia's Assorted Antiques.
  1203 | D:2      | Noticed Natasha
  1212 | D:2      | Killed Natasha
  1213 | D:2      | Reached skill level 6 in Necromancy
  1250 | D:2      | Reached XP level 4. HP: 13/24 MP: 4/12
  1540 | D:2      | Slain by a gnoll

Illustrated notes

Levels and vault maps discovered:
D:1:      dpeg_arrival_subterranean_lakeside_camping, layout_basic,
          basic_ecumenical_altar
D:2:      wad_woods_settlement, layout_basic, serial_shops,
          nicolae_shop_competitors_out_of_business, minmay_crystal_water,
          uniq_natasha

Skill      XL: |  1  2  3 |
---------------+----------+-----
Necromancy     | 5 6 |  6.4
Spellcasting   | 4 |  4.5
Dodging        | |  2.4
Stealth        | |  2.4

Action                   |  1- 3 |  4- 6 || total
-------------------------+-------+-------++-------
Melee: Dagger            |     9 |       ||     9
       Rapier            |     9 |     2 ||    11
 Cast: Pain              |    33 |    11 ||    44
       Animate Skeleton  |     2 |       ||     2
 Stab: Sleeping          |     8 |       ||     8
Armor: Robe              |     4 |       ||     4
Dodge: Dodged            |     8 |     2 ||    10
